ESL (28 & UNDER)
BUTLER WHITE SOX @ RIO GRANDE RATTLESNAKE
05/01/2030
 
TOP OF THE 1ST
Butler White Sox batting - Pitching for Rio Grande Rattlesnake : RHP Alejandro Guzmán
Pitching: RHP Alejandro Guzmán
Batting: RHB Luis Fuentes 0-0: Foul Ball, location: 2F
0-1: Ball
1-1: Foul Ball, location: 2F
1-2: Ball
2-2: SINGLE (Groundball, 4MD)
Batting: LHB Sam Haynes 0-0: Called Strike
Luis Fuentes steals 2nd base
0-1: Ball
1-1: Ball
2-1: Ball
3-1: Fly out, F7 (Flyball, 7LSF)
Batting: SHB Ben Marks 0-0: Called Strike
0-1: Ball
1-1: SINGLE (Line Drive, 6D)
Luis Fuentes to third
Runner from 3rd tries for Home, throw and OUT!
Ben Marks to second
Batting: LHB Jim Knight 0-0: Ball
1-0: Swinging Strike
1-1: Called Strike
1-2: Ball
2-2: Strikes out looking
Top of the 1st over - 0 runs, 2 hits, 0 errors, 1 left on base; Butler 0 - Rio Grande 0
BOTTOM OF THE 1ST
Rio Grande Rattlesnake batting - Pitching for Butler White Sox : LHP Jason Dean
Pitching: LHP Jason Dean
Batting: LHB José Garza 0-0: Ball
1-0: Ball
2-0: Called Strike
2-1: Foul Ball, location: 2F
2-2: Ball
3-2: SINGLE (Line Drive, 56D)
Batting: RHB David Suarze 0-0: Ball
1-0: Fielders Choice at 2nd, 4-6 (Groundball, 4M)
Batting: RHB Jeff Bane 0-0: Called Strike
0-1: Called Strike
0-2: Fly out, F6 (Line Drive, 6)
Batting: LHB Claudio Rodríguez 0-0: Ball
1-0: Ball
David Suarze is caught stealing 2nd base
Bottom of the 1st over - 0 runs, 1 hit, 0 errors, 0 left on base; Butler 0 - Rio Grande 0
TOP OF THE 2ND
Butler White Sox batting - Pitching for Rio Grande Rattlesnake : RHP Alejandro Guzmán
Batting: LHB Josh Pérez 0-0: Ball
1-0: Swinging Strike
1-1: Ball
2-1: Ball
3-1: Swinging Strike
3-2: Foul Ball, location: 2F
3-2: Foul Ball, location: 2F
3-2: Strikes out swinging
Batting: SHB Pedro Martínez 0-0: Foul Ball, location: 2F
0-1: Called Strike
0-2: Strikes out looking
Batting: RHB Ángel Serrano 0-0: Ball
1-0: Called Strike
1-1: Ball
2-1: DOUBLE (Line Drive, 78D)
Batting: LHB Denny Allen 0-0: Ball
1-0: Ground out 5-3 (Groundball, 56)
Top of the 2nd over - 0 runs, 1 hit, 0 errors, 1 left on base; Butler 0 - Rio Grande 0
BOTTOM OF THE 2ND
Rio Grande Rattlesnake batting - Pitching for Butler White Sox : LHP Jason Dean
Batting: LHB Claudio Rodríguez 0-0: Ball
1-0: Foul Ball, location: 2F
1-1: Swinging Strike
1-2: SINGLE (Line Drive, 4MD)
Batting: RHB Gary Thomas 0-0: Ball
1-0: 2-RUN HOME RUN (Flyball, 7LD), Distance : 344 ft
Batting: SHB Arnold Moore 0-0: Swinging Strike
0-1: Called Strike
0-2: Ground out 6-3 (Groundball, 6)
Batting: LHB Pedro Díaz 0-0: Fly out, F5 (Popup, 5SF)
Batting: RHB José Méndez 0-0: Foul Ball, location: 2F
0-1: Ball
1-1: SINGLE (Groundball, 6D)
Batting: LHB Alberto Roberts 0-0: Ground out 4-3 (Groundball, 4D)
Bottom of the 2nd over - 2 runs, 3 hits, 0 errors, 1 left on base; Butler 0 - Rio Grande 2
TOP OF THE 3RD
Butler White Sox batting - Pitching for Rio Grande Rattlesnake : RHP Alejandro Guzmán
Batting: RHB Júlio Hernández 0-0: Ball
1-0: Foul Ball, location: 2F
1-1: DOUBLE (Groundball, 5L)
Batting: RHB Luis Fuentes 0-0: Ball
1-0: Ball
2-0: Ground out 4-3 (Groundball, 4S)
Júlio Hernández to third
Batting: LHB Sam Haynes 0-0: Foul Ball, location: 2F
0-1: Called Strike
0-2: Foul Ball, location: 2F
0-2: Ball
1-2: Strikes out swinging
Batting: SHB Ben Marks 0-0: Called Strike
0-1: Called Strike
0-2: Strikes out swinging
Top of the 3rd over - 0 runs, 1 hit, 0 errors, 1 left on base; Butler 0 - Rio Grande 2
BOTTOM OF THE 3RD
Rio Grande Rattlesnake batting - Pitching for Butler White Sox : LHP Jason Dean
Batting: LHB José Garza 0-0: Called Strike
0-1: Ball
1-1: Swinging Strike
1-2: Strikes out swinging
Batting: RHB David Suarze 0-0: Swinging Strike
0-1: Fly out, F7 (Flyball, 7D)
Batting: RHB Jeff Bane 0-0: Called Strike
0-1: Swinging Strike
0-2: Ball
1-2: SINGLE (Line Drive, 89M)
Batting: LHB Claudio Rodríguez 0-0: Ball
Jeff Bane is caught stealing 2nd base
Bottom of the 3rd over - 0 runs, 1 hit, 0 errors, 0 left on base; Butler 0 - Rio Grande 2
TOP OF THE 4TH
Butler White Sox batting - Pitching for Rio Grande Rattlesnake : RHP Alejandro Guzmán
Batting: LHB Jim Knight 0-0: Ball
1-0: Fly out, F7 (Flyball, 7S)
Batting: LHB Josh Pérez 0-0: Called Strike
0-1: Fly out, F9 (Flyball, 9S)
Batting: SHB Pedro Martínez 0-0: Called Strike
0-1: Swinging Strike
0-2: Ball
1-2: SINGLE (Groundball, 6MD)
Batting: RHB Ángel Serrano 0-0: Ball
1-0: Ball
2-0: Called Strike
2-1: Ball
3-1: Foul Ball, location: 2F
3-2: Strikes out looking
Top of the 4th over - 0 runs, 1 hit, 0 errors, 1 left on base; Butler 0 - Rio Grande 2
BOTTOM OF THE 4TH
Rio Grande Rattlesnake batting - Pitching for Butler White Sox : LHP Jason Dean
Batting: LHB Claudio Rodríguez 0-0: Called Strike
0-1: Foul Ball, location: 2F
0-2: Strikes out swinging
Batting: RHB Gary Thomas 0-0: Foul Ball, location: 2F
0-1: Fly out, F6 (Line Drive, 6M)
Batting: SHB Arnold Moore 0-0: Fly out, F9 (Flyball, 9)
Bottom of the 4th over - 0 runs, 0 hits, 0 errors, 0 left on base; Butler 0 - Rio Grande 2
TOP OF THE 5TH
Butler White Sox batting - Pitching for Rio Grande Rattlesnake : RHP Alejandro Guzmán
Batting: LHB Denny Allen 0-0: Swinging Strike
0-1: Swinging Strike
0-2: Ball
1-2: Foul Ball, location: 2F
1-2: Ball
2-2: Ground out U3 (Groundball, 2R)
Batting: RHB Júlio Hernández 0-0: Ball
1-0: Called Strike
1-1: Ball
2-1: Called Strike
2-2: Strikes out swinging
Batting: RHB Luis Fuentes 0-0: Swinging Strike
0-1: Foul Ball, location: 2F
0-2: Ball
1-2: SINGLE (Groundball, 4MD)
Batting: LHB Sam Haynes 0-0: Called Strike
0-1: Ball
1-1: Fly out, F7 (Flyball, 7)
Top of the 5th over - 0 runs, 1 hit, 0 errors, 1 left on base; Butler 0 - Rio Grande 2
BOTTOM OF THE 5TH
Rio Grande Rattlesnake batting - Pitching for Butler White Sox : LHP Jason Dean
Batting: LHB Pedro Díaz 0-0: Called Strike
0-1: Swinging Strike
0-2: Ball
1-2: Ball
2-2: Foul Ball, location: 2F
2-2: Ball
3-2: Foul Ball, location: 2F
3-2: Strikes out swinging
Batting: RHB José Méndez 0-0: Called Strike
0-1: Called Strike
0-2: Ball
1-2: Ball
2-2: Ground out 6-3 (Groundball, 6)
Batting: LHB Alberto Roberts 0-0: Called Strike
0-1: Called Strike
0-2: Strikes out swinging
Bottom of the 5th over - 0 runs, 0 hits, 0 errors, 0 left on base; Butler 0 - Rio Grande 2
TOP OF THE 6TH
Butler White Sox batting - Pitching for Rio Grande Rattlesnake : RHP Alejandro Guzmán
Batting: SHB Ben Marks 0-0: Ball
1-0: Ball
2-0: Ball
3-0: Called Strike
3-1: Called Strike
3-2: Foul Ball, location: 2F
3-2: Ground out 1-3 (Groundball, P)
Batting: LHB Jim Knight 0-0: Ball
1-0: Ball
2-0: SINGLE (Groundball, 56D)
Batting: LHB Josh Pérez 0-0: Called Strike
0-1: Ball
1-1: Fielders Choice at 2nd, 4-6 (Groundball, 4)
Batting: SHB Pedro Martínez 0-0: Ball
1-0: Called Strike
1-1: Swinging Strike
1-2: Strikes out swinging
Top of the 6th over - 0 runs, 1 hit, 0 errors, 1 left on base; Butler 0 - Rio Grande 2
BOTTOM OF THE 6TH
Rio Grande Rattlesnake batting - Pitching for Butler White Sox : LHP Jason Dean
Batting: LHB José Garza 0-0: Called Strike
0-1: Ball
1-1: Ball
2-1: Ball
3-1: Base on Balls
Batting: RHB David Suarze 0-0: Ball
1-0: Ball
2-0: Fielders Choice at 2nd, 4-6 (Groundball, 4)
Batting: RHB Jeff Bane 0-0: Ball
1-0: Called Strike
1-1: Ball
2-1: Ground out 4-3 (Groundball, 4S)
David Suarze to second
Batting: LHB Claudio Rodríguez 0-0: Ball
1-0: Ball
2-0: SINGLE (Line Drive, 89S)
David Suarze to third
Runner from 3rd tries for Home, SAFE, no throw
Batting: RHB Gary Thomas 0-0: Fly out, F9 (Flyball, 9D)
Bottom of the 6th over - 1 run, 1 hit, 0 errors, 1 left on base; Butler 0 - Rio Grande 3
TOP OF THE 7TH
Butler White Sox batting - Pitching for Rio Grande Rattlesnake : RHP Alejandro Guzmán
Batting: RHB Ángel Serrano 0-0: Foul Ball, location: 2F
0-1: Ground out 4-3 (Groundball, 4M)
Batting: LHB Denny Allen 0-0: Ball
1-0: SINGLE (Line Drive, 6D)
Batting: RHB Júlio Hernández 0-0: Ball
1-0: Foul Ball, location: 2F
1-1: Called Strike
1-2: Strikes out looking
Batting: RHB Luis Fuentes 0-0: Foul Ball, location: 2F
0-1: Ball
1-1: SINGLE (Line Drive, 78S)
Denny Allen to second
Batting: LHB Sam Haynes 0-0: Foul Ball, location: 2F
0-1: TRIPLE (Flyball, 89XD)
Denny Allen scores
Luis Fuentes scores
Pitching: RHP Billy O'Neal
Batting: SHB Ben Marks 0-0: SINGLE (Groundball, 3D)
Sam Haynes scores
Pitching: LHP António Rodríguez
Batting: LHB Jim Knight 0-0: Called Strike
0-1: Ball
1-1: Foul Ball, location: 2F
1-2: Ball
2-2: Foul Ball, location: 2F
2-2: Strikes out looking
Top of the 7th over - 3 runs, 4 hits, 0 errors, 1 left on base; Butler 3 - Rio Grande 3
BOTTOM OF THE 7TH
Rio Grande Rattlesnake batting - Pitching for Butler White Sox : LHP Jason Dean
Batting: SHB Arnold Moore 0-0: Ball
1-0: Swinging Strike
1-1: Swinging Strike
1-2: Ball
2-2: Ball
3-2: Strikes out swinging
Pinch Hitting: RHB Paul Martin 0-0: Called Strike
0-1: Ball
1-1: SINGLE (Groundball, 56D)
Pitching: LHP Rafael Romero
Batting: RHB José Méndez 0-0: Called Strike
0-1: Ball
1-1: Called Strike
1-2: Ball
2-2: Ball
Wild Pitch!
Paul Martin to second
3-2: Intentional Walk
Pinch Hitting: RHB Matt Dickson 0-0: Ball
1-0: Grounds into double play, 6-4-3 (Groundball, 6M)
Bottom of the 7th over - 0 runs, 1 hit, 0 errors, 1 left on base; Butler 3 - Rio Grande 3
TOP OF THE 8TH
Butler White Sox batting - Pitching for Rio Grande Rattlesnake : LHP António Rodríguez
Now at 2B: Carlos Guevara
Now in CF: Doug Delaney
Batting: LHB Josh Pérez 0-0: Swinging Strike
0-1: Foul Ball, location: 2F
0-2: Ball
1-2: Strikes out swinging
Pitching: RHP Myron Burgess
Batting: SHB Pedro Martínez 0-0: Called Strike
0-1: SOLO HOME RUN (Line Drive, 9D), Distance : 357 ft
Batting: RHB Ángel Serrano 0-0: Called Strike
0-1: Swinging Strike
0-2: Ball
1-2: Foul Ball, location: 2F
1-2: Ball
2-2: Ball
3-2: Foul Ball, location: 2F
3-2: Foul Ball, location: 2F
3-2: Base on Balls
Batting: LHB Denny Allen 0-0: Ground out 3-1 (Groundball, 34)
Ángel Serrano to second
Pinch Hitting: LHB Thomas Dixon 0-0: Ball
1-0: Single, Error in OF, E8, batter to second base
Ángel Serrano scores
Batting: RHB Luis Fuentes 0-0: Ball
1-0: Called Strike
1-1: Ball
2-1: Called Strike
2-2: Foul Ball, location: 2F
2-2: Ball
3-2: Strikes out swinging
Top of the 8th over - 2 runs, 2 hits, 1 error, 1 left on base; Butler 5 - Rio Grande 3
BOTTOM OF THE 8TH
Rio Grande Rattlesnake batting - Pitching for Butler White Sox : LHP Rafael Romero
Now at 3B: Thomas Dixon
Batting: LHB José Garza 0-0: Called Strike
0-1: Fly out, F8 (Flyball, 8LD)
Batting: RHB David Suarze 0-0: Called Strike
0-1: Swinging Strike
0-2: Ball
1-2: Strikes out swinging
Batting: RHB Jeff Bane 0-0: Ball
1-0: Called Strike
1-1: Ball
2-1: SINGLE (Groundball, 25) (infield hit)
Batting: LHB Claudio Rodríguez 0-0: Foul Ball, location: 2F
0-1: Ball
1-1: Called Strike
1-2: Ground out 4-3 (Groundball, 4MS)
Bottom of the 8th over - 0 runs, 1 hit, 0 errors, 1 left on base; Butler 5 - Rio Grande 3
TOP OF THE 9TH
Butler White Sox batting - Pitching for Rio Grande Rattlesnake : RHP Myron Burgess
Pitching: LHP Manuel Encarnación
Batting: LHB Sam Haynes 0-0: Ball
1-0: SOLO HOME RUN (Flyball, 9D), Distance : 353 ft
Batting: SHB Ben Marks 0-0: Called Strike
0-1: SINGLE (Groundball, 6MD)
Batting: LHB Jim Knight 0-0: Ball
1-0: Called Strike
1-1: Ball
2-1: Called Strike
2-2: Strikes out swinging
Batting: LHB Josh Pérez 0-0: Swinging Strike
0-1: Foul Ball, location: 2F
0-2: Ball
1-2: Foul Ball, location: 2F
1-2: Foul Ball, location: 2F
1-2: Ball
2-2: Foul Ball, location: 2F
2-2: SINGLE (Groundball, 4D)
Ben Marks to second
Runner from 2nd tries for 3rd, SAFE, throw made to third
Batting: SHB Pedro Martínez 0-0: Called Strike
0-1: Ball
1-1: DOUBLE (Flyball, 8RXD)
Ben Marks scores
Josh Pérez to third
Batting: RHB Ángel Serrano 0-0: Ball
1-0: Foul Ball, location: 2F
1-1: Ball
2-1: SINGLE (Groundball, 6MD)
Josh Pérez scores
Pedro Martínez to third
Runner from 3rd tries for Home, SAFE, no throw
Pitching: RHP Sterling Caldwell
Batting: LHB Denny Allen 0-0: Ball
1-0: Foul Ball, location: 2F
1-1: Swinging Strike
1-2: Foul Ball, location: 2F
1-2: Ball
2-2: Fly out, F7 (Flyball, 7S)
Batting: LHB Thomas Dixon 0-0: Ball
1-0: Called Strike
1-1: Ball
2-1: Ball
3-1: Base on Balls
Ángel Serrano to second
Batting: RHB Luis Fuentes 0-0: Ball
1-0: Ball
2-0: Ball
Passed Ball!
Ángel Serrano to third
Thomas Dixon to second
3-0: Swinging Strike
3-1: Base on Balls
Batting: LHB Sam Haynes 0-0: SINGLE (Groundball, 34S) (infield hit)
Ángel Serrano scores
Thomas Dixon to third
Luis Fuentes to second
Batting: SHB Ben Marks 0-0: Ball
1-0: Reached on error, E5 (Groundball, 5)
Thomas Dixon scores
Luis Fuentes to third
Sam Haynes to second
Batting: LHB Jim Knight 0-0: SINGLE (Line Drive, 56D)
Luis Fuentes scores
Sam Haynes to third
Ben Marks to second
Runner from 3rd tries for Home, SAFE, no throw
Batting: LHB Josh Pérez 0-0: Foul Ball, location: 2F
0-1: Ball
1-1: Foul Ball, location: 2F
1-2: Ball
2-2: Foul Ball, location: 2F
2-2: Strikes out swinging
Top of the 9th over - 8 runs, 7 hits, 1 error, 2 left on base; Butler 13 - Rio Grande 3
BOTTOM OF THE 9TH
Rio Grande Rattlesnake batting - Pitching for Butler White Sox : LHP Rafael Romero
Batting: RHB Gary Thomas 0-0: Ball
1-0: Foul Ball, location: 2F
1-1: Ball
2-1: Foul Ball, location: 2F
2-2: Ball
3-2: Base on Balls
Batting: SHB Arnold Moore 0-0: Grounds into double play, 4-6-3 (Groundball, 4)
Batting: RHB Carlos Guevara 0-0: Ball
1-0: Ball
2-0: Ball
3-0: Called Strike
3-1: Base on Balls
Batting: RHB José Méndez 0-0: Called Strike
0-1: Called Strike
0-2: Foul Ball, location: 2F
0-2: Strikes out looking
Bottom of the 9th over - 0 runs, 0 hits, 0 errors, 1 left on base; Butler 13 - Rio Grande 3
Saturday, April 7th, 2018 - OOTP Baseball 18.8 Build 76